Map: Heavy Artillery LE

Players

Massa

  • Race: Terran Terran
  • League: Platinum
  • Spawn Location: 1:00

qqq

  • Race: Zerg Zerg
  • Spawn Location: 3:00

skinky - Winner!

  • Race: Zerg Zerg
  • League: Diamond
  • Spawn Location: 7:00

JLC - Winner!

  • Race: Terran Terran
  • Spawn Location: 7:00

VOD

Have the link to the VOD?

Description

Time

  • Played on: March 17, 2021, 10:26 a.m.
  • Length: 9:36
Show
View Real Time Build Order
Export as new Build Order

Massa Terran 

Build Orders:  

Get SALT Encoding   

  12  0:00  SCV  
  13  0:12  SCV  
  14  0:22  Supply Depot  
  14  0:25  SCV  
  15  0:44  SCV  
  15  0:45  Barracks  
  16  0:51  Refinery  
  16  0:56  SCV  
  17  1:08  SCV  
  18  1:20  SCV  
  19  1:32  SCV  
  20  1:34  Reaper  
  21  1:45  Orbital Command, Command Center  
  21  2:02  Supply Depot  
  21  2:08  Marine  
  22  2:17  Factory  
  22  2:18  SCV  
  23  2:44  Barracks Reactor  
  23  2:46  SCV  
  23  3:06  Hellion  
  23  3:09  Supply Depot  
  23  3:12  Starport, Orbital Command  
  25  3:13  SCV  
  26  3:21  Marine x2  
  26  3:26  SCV  
  29  3:27  Hellion  
  29  3:33  Supply Depot  
  31  3:38  Refinery, SCV  
  31  3:39  Marine x2  
  31  3:40  SCV  
  35  3:50  SCV  
  35  3:52  SCV, Starport Tech Lab  
  37  3:56  Marine  
  37  3:57  Marine  
  39  4:14  SCV x2  
  40  4:26  SCV x2  
  40  4:30  Barracks Tech Lab  
  42  4:31  Cloaking Field  
  42  4:32  Banshee  
  45  4:40  Hellion x2  
  49  4:49  SCV x2  
  49  4:51  Supply Depot  
  51  4:53  Supply Depot  
  51  5:01  SCV x2, Hellion x2  
  51  5:05  Engineering Bay  
  57  5:08  Barracks  
  57  5:10  Command Center  
  57  5:13  SCV  
  58  5:23  Hellion x2  
  62  5:44  Hellion x2  
  62  5:45  Banshee  
  62  5:49  Refinery  
  69  5:51  Refinery, Terran Infantry Weapons Level 1  
  42  6:51  Marauder  
  42  6:53  SCV x2  
  46  7:13  Marauder  
  52  7:15  Widow Mine x2  
  52  7:17  Medivac  
  54  7:23  Barracks Tech Lab  
  54  7:24  Barracks  
  54  7:28  Barracks  
  54  7:29  Barracks  
  54  7:35  Marauder  
  60  7:37  Widow Mine x2  
  60  7:47  Marauder  
  62  7:56  Marauder  
  62  7:58  Widow Mine x2  
  61  8:04  Banshee  
  54  8:09  Marauder  
  56  8:14  Marine  
  55  8:27  Marine x2  
  30  8:30  Marauder  
  30  8:32  Widow Mine, Marine  
  30  8:33  Widow Mine  
  34  8:44  Marine  
  34  8:45  Marine  
  34  8:48  Banshee  
  31  8:49  Marine  
  31  8:54  Widow Mine x2  
  30  9:02  Marine x2  
  21  9:07  Marine  
Show
View Real Time Build Order
Export as new Build Order

qqq Zerg 

Build Orders: Hatch First 

Get SALT Encoding   

  12  0:00  Drone  
  13  0:10  Drone  
  14  0:22  Overlord  
  14  0:46  Hatchery  
  13  0:53  Drone  
  13  0:55  Drone  
  15  1:02  Drone  
  16  1:16  Drone x2  
  18  1:40  Drone  
  18  1:41  Extractor, Drone, Spawning Pool  
  18  1:49  Drone  
  19  1:59  Drone x2  
  21  2:14  Drone  
  21  2:15  Drone  
  23  2:19  Hatchery  
  23  2:22  Drone  
  25  2:30  Queen  
  25  2:35  Overlord  
  27  2:43  Drone  
  28  2:44  Extractor  
  28  2:45  Overlord  
  28  2:47  Lair  
  25  2:54  Roach Warren  
  25  2:57  Drone  
  25  2:59  Drone  
  26  3:06  Queen  
  26  3:11  Drone  
  29  3:13  Drone  
  30  3:21  Drone, Evolution Chamber  
  30  3:22  Drone  
  30  3:25  Drone  
  32  3:27  Drone  
  32  3:32  Drone  
  34  3:35  Drone  
  34  3:41  Queen  
  35  3:44  Drone  
  38  3:50  Glial Reconstitution  
  38  3:54  Zerg Ground Armor Level 1  
  38  4:00  Drone  
  38  4:02  Zergling x4  
  41  4:03  Roach  
  41  4:09  Roach  
  45  4:10  Roach  
  45  4:13  Roach  
  49  4:17  Overlord  
  49  4:24  Overlord  
  49  4:25  Overlord  
  49  4:27  Drone  
  50  4:37  Roach x3  
  56  4:39  Roach  
  58  4:48  Roach x2  
  58  4:49  Roach  
  58  4:50  Roach  
  66  4:55  Roach  
  66  4:59  Roach  
  70  5:01  Roach x2  
  70  5:04  Overlord  
  74  5:08  Overlord  
  74  5:11  Overlord  
  74  5:19  Overlord x2  
  73  5:33  Roach  
  73  5:34  Roach x4  
  73  5:35  Roach  
  84  5:48  Roach x4  
  84  5:49  Drone  
  87  5:55  Roach  
  81  6:10  Roach  
  81  6:11  Roach x2  
  75  6:23  Roach x2  
  75  6:25  Roach  
  69  6:36  Roach x2  
  73  6:49  Extractor  
  73  6:50  Extractor, Drone  
  73  6:51  Drone x4  
  73  6:52  Drone  
  77  6:54  Roach x3  
  77  6:55  Roach x2  
  77  6:56  Roach  
  77  7:01  Hatchery  
  88  7:03  Roach  
  88  7:04  Drone  
  89  7:18  Roach x4  
  79  7:34  Roach x3  
  79  7:37  Drone x3, Roach  
  76  7:40  Zergling x8  
  76  7:41  Drone x4  
  76  7:42  Drone  
  83  7:49  Extractor  
  83  7:50  Extractor  
  70  8:06  Roach  
  70  8:07  Roach x7  
  70  8:12  Roach x4  
  85  8:18  Roach x2  
  77  8:23  Roach x2  
  81  8:30  Roach x3  
  77  8:35  Roach x2  
  77  8:36  Roach  
  71  8:43  Roach x2  
  71  8:44  Roach  
  62  8:50  Roach  
  62  8:51  Roach  
  62  8:55  Roach  
  68  9:00  Roach  
  68  9:01  Roach  
  53  9:11  Roach x2  
  47  9:19  Drone x3  
Show
View Real Time Build Order
Export as new Build Order

skinky Zerg - Winner!

Build Orders: Hatch First 

Get SALT Encoding   

  12  0:00  Drone  
  13  0:12  Overlord  
  13  0:16  Drone  
  14  0:30  Drone  
  14  0:31  Drone  
  16  0:36  Drone  
  17  0:45  Drone  
  18  0:55  Hatchery  
  17  0:57  Drone  
  18  1:05  Extractor  
  17  1:16  Drone, Spawning Pool  
  17  1:19  Drone  
  18  1:36  Overlord  
  18  1:39  Drone  
  19  2:04  Zergling x2  
  19  2:05  Queen, Zergling x2  
  24  2:08  Drone, Queen  
  24  2:12  Metabolic Boost  
  26  2:16  Drone  
  27  2:27  Drone  
  27  2:28  Drone  
  27  2:29  Drone  
  30  2:35  Drone  
  31  2:41  Queen  
  33  2:49  Overlord  
  33  2:50  Drone x2  
  35  3:04  Overlord  
  35  3:05  Drone  
  35  3:17  Drone x3  
  35  3:18  Drone x2  
  40  3:22  Hatchery, Drone x2  
  41  3:35  Drone  
  41  3:36  Drone  
  43  3:45  Overlord  
  43  3:52  Drone x4  
  47  3:58  Hatchery  
  47  4:01  Overlord  
  46  4:09  Roach Warren, Lair  
  45  4:10  Evolution Chamber  
  45  4:11  Drone x3  
  45  4:13  Extractor  
  45  4:20  Overlord x2  
  45  4:21  Drone x2  
  47  4:29  Overlord  
  47  4:32  Extractor, Overlord  
  47  4:33  Drone  
  47  4:34  Drone  
  47  4:36  Drone x2  
  50  4:46  Zerg Missile Weapons Level 1  
  50  4:50  Drone  
  50  4:51  Drone x2, Extractor  
  52  4:54  Overlord  
  52  4:58  Roach x2  
  58  5:00  Roach  
  58  5:03  Queen, Roach  
  62  5:08  Roach  
  62  5:10  Overlord  
  62  5:13  Roach  
  62  5:14  Roach  
  66  5:23  Roach x4  
  74  5:35  Roach x5  
  72  5:45  Roach x5  
  75  6:01  Roach  
  75  6:02  Roach x6  
  85  6:08  Roach  
  85  6:09  Overlord  
  85  6:23  Roach x2  
  87  6:26  Overlord  
  87  6:32  Roach  
  87  6:33  Roach  
  87  6:34  Overlord  
  87  6:35  Glial Reconstitution  
  87  6:37  Overlord  
  89  6:43  Queen, Overlord  
  91  6:47  Roach  
  91  6:48  Roach  
  91  6:53  Roach  
  99  6:54  Roach  
  99  6:57  Spore Crawler  
  99  7:00  Spore Crawler  
  95  7:03  Roach  
  95  7:04  Roach  
  91  7:21  Roach x4  
  92  7:24  Roach  
  92  7:28  Roach  
  91  7:39  Roach x3  
  91  7:42  Drone  
  87  8:08  Roach x2  
  87  8:09  Roach x5  
  91  8:33  Roach x6  
  89  9:12  Roach  
  89  9:13  Roach x8  
  87  9:30  Hydralisk Den  
Show
View Real Time Build Order
Export as new Build Order

JLC Terran - Winner!

Build Orders:  

Get SALT Encoding   

  12  0:06  SCV  
  13  0:18  SCV  
  14  0:23  Supply Depot  
  14  0:30  SCV  
  15  0:36  Refinery  
  15  0:47  Barracks  
  15  0:51  SCV  
  16  1:03  SCV  
  17  1:15  SCV  
  18  1:44  Orbital Command  
  18  1:52  Command Center  
  18  1:54  Marine  
  19  2:05  Factory  
  19  2:12  SCV  
  20  2:21  Supply Depot  
  20  2:24  SCV  
  20  2:26  Supply Depot  
  20  2:29  Marine  
  22  2:36  SCV  
  23  2:42  Refinery  
  23  2:47  Barracks Tech Lab  
  23  2:48  SCV  
  24  2:54  Factory Tech Lab  
  24  3:00  SCV  
  24  3:01  Starport  
  24  3:05  SCV  
  26  3:12  SCV  
  27  3:17  SCV  
  28  3:20  Marine  
  28  3:24  SCV  
  30  3:29  SCV  
  30  3:30  Siege Tank  
  34  3:36  SCV  
  34  3:37  Marine  
  36  3:41  SCV  
  37  3:48  SCV, Starport Reactor  
  37  3:55  Marine  
  38  4:00  SCV  
  38  4:02  Siege Tank  
  43  4:13  SCV, Marine  
  45  4:19  Stimpack  
  45  4:28  Refinery  
  45  4:30  Orbital Command  
  45  4:31  Refinery, Marine  
  45  4:32  SCV  
  47  4:44  SCV, Command Center  
  48  4:49  Engineering Bay  
  48  4:50  Engineering Bay  
  48  4:53  Barracks, Siege Tank  
  48  4:56  SCV  
  48  4:57  Marauder  
  54  5:13  Supply Depot  
  54  5:17  Supply Depot  
  54  5:34  SCV x2, Marine  
  57  5:46  SCV x2  
  57  5:48  Medivac x2  
  59  5:55  Barracks  
  59  5:59  Concussive Shells  
  48  6:11  Marine  
  48  6:12  Marine  
  48  6:14  Siege Tank  
  48  6:17  Medivac, Missile Turret  
  45  6:29  Marine  
  45  6:30  Marauder  
  44  6:35  Viking  
  42  6:47  Marine, Viking  
  42  6:51  Marauder  
  46  6:55  SCV  
  46  7:00  Cyclone  
  50  7:05  Marine, Viking  
  50  7:07  SCV  
  54  7:12  Marine  
  52  7:19  SCV  
  50  7:23  Marine  
  40  7:30  Marine  
  40  7:31  SCV  
  38  7:41  Marine  
  38  7:43  SCV  
  37  7:48  Marine  
  35  7:58  Marine  
  36  8:06  Marine  
  37  8:16  Marine  
  38  8:24  Marauder  
  40  8:34  Marine  
  40  8:45  Marine  
  36  8:52  Marine  
  37  9:03  Marine  
  35  9:10  Marine  
Tags
 
Add a new tag
Caveats
  • Supply blocks, unpowered buildings, or Contaminate may cause inaccurate times.
  • Supply counts are checked every 10 seconds.